 Dungeon Crawl Stone Soup version 0.31-a0-986-g5e6e4ef867 (webtiles) character file.

Game seed: 8808096300263408138

149 dialectric the Trooper (level 5, -3/42 HPs)
             Began as a Demonspawn Fighter on Nov 18, 2023.
             Succumbed to a water moccasin's poison
             ... on level 3 of the Dungeon.
             The game lasted 00:02:48 (2213 turns).

dialectric the Trooper (Demonspawn Fighter)         Turns: 2213, Time: 00:02:49

Health: -3/42      AC:  8    Str: 18    XL:     5   Next: 9%
Magic:  5/5        EV:  9    Int:  9    God:
Gold:   243        SH:  0    Dex: 13    Spells: 4/4 levels left

rFire   . . .        a - +0 flail
rCold   . . .        (no shield)
rNeg    . . .        b - +0 scale mail
rPois   .            (no helmet)
rElec   .            (no cloak)
rCorr   .            (no gloves)
SInv    .            (no boots)
Will    .....        (no amulet) Stlth
                     (no ring)
HPRegen 0.27/turn    (no ring)
MPRegen 0.09/turn

%: no passive effects
@: lethally poisoned (-3 -> -14)
A: molten scales 1
a: no special abilities


You were on level 3 of the Dungeon.
You visited 1 branch of the dungeon, and saw 3 of its levels.

You collected 243 gold pieces.

Inventory:

Hand Weapons
 a - a +0 flail (weapon)
Missiles
 g - a throwing net
 r - 5 poisoned darts
Armour
 b - a +0 scale mail (worn)
 c - a +0 buckler
 m - a +0 tower shield
Jewellery
 d - a ring of protection from cold
Scrolls
 f - 3 scrolls of identify {unknown}
 i - a scroll of enchant armour {unknown}
 j - 2 scrolls of teleportation {unknown}
 n - a scroll of revelation {unknown}
 o - a scroll of fear {unknown}
 q - a scroll of brand weapon {unknown}
Potions
 e - a potion of mutation {unknown}
 k - a potion of attraction {unknown}
 l - a potion of haste {unknown}
 p - a potion of invisibility {unknown}


   Skills:
 + Level 4.0 Fighting
 + Level 3.5 Maces & Flails
 - Level 3.1 Armour
 - Level 1.0 Dodging
 - Level 0.1 Stealth
 - Level 2.6 Shields


You had 4 spell levels left.
You didn't know any spells.
Your spell library contained the following spells:

 Spells                   Type           Power      Damage    Failure   Level
 Shock                    Conj/Air       0%         1d3       77%         1
 Swiftness                Air            0%         N/A       98%         3
 Airstrike                Air            0%         2d(0-16)  100%        4


Dungeon Overview and Level Annotations

Branches:
Dungeon (3/15)

Altars:

Shops:
D:3 (=:


Innate Abilities, Weirdness & Mutations

You are partially covered in molten scales. (AC +2)


Message History

The water moccasin is heavily wounded.
You feel very sick. The water moccasin bites you. x2
* * * LOW HITPOINT WARNING * * *
You are more poisoned.
The water moccasin poisons you!
You feel better. The water moccasin barely misses you.
Unknown command.
You barely miss the water moccasin.
The water moccasin is heavily wounded.
The water moccasin bites you but does no damage. x2
You miss the water moccasin.
The water moccasin is heavily wounded.
The water moccasin bites you.
You are lethally poisoned!
The water moccasin poisons you! The water moccasin bites you.
* * * LOW HITPOINT WARNING * * *
You are more poisoned.
The water moccasin poisons you!
You feel better. The water moccasin bites you!
You sock the water moccasin!
The water moccasin is severely wounded.
The water moccasin bites you.
* * * LOW HITPOINT WARNING * * *
The water moccasin closely misses you.
You barely miss the water moccasin.
The water moccasin is severely wounded.
The water moccasin misses you.
You barely miss the water moccasin.
The water moccasin is severely wounded.
The water moccasin bites you!
* * * LOW HITPOINT WARNING * * *
The water moccasin bites you.
* * * LOW HITPOINT WARNING * * *
You are lethally poisoned!
The water moccasin poisons you!
Unknown command.
You sock the water moccasin!
You kill the water moccasin!
You die...

.....# .......## ###
######.... # ..#### #.. ≈≈
#....# #.# .. ..##.. #.#
..# ### #.##...## #
#.†#....### ####
#8@...#.#..
...#####.######.!##.#...
##.o).##.....8.∩.8....####
#####.######...<..........
# ...#####..8##........ #
#..##......>........ #
##.....##...†....... #
##..#.....†##....###
######..###...........#


There were no monsters in sight!

Vanquished Creatures
  A water moccasin (D:3)
  An orc priest (D:2)
  Jessica (D:2)
  3 adders (D:2)
  A worm (D:2)
  2 dart slugs
  5 orcs
  5 endoplasms
  3 giant cockroaches
  2 goblins (D:1)
  3 hobgoblins (D:3)
  2 jackals (D:1)
  5 kobolds
  3 quokkas
  7 ball pythons
  6 bats
  6 rats
56 creatures vanquished.

Notes
Turn   | Place    | Note
-------+----------+-------------------------------------------
     0 | D:1      | dialectric the Demonspawn Fighter began the quest for the
                  | Orb.
     0 | D:1      | Reached XP level 1. HP: 18/18 MP: 1/1
   393 | D:1      | Gained mutation: You are partially covered in molten
                  | scales. (AC +2) [demonic ancestry]
   393 | D:1      | Reached XP level 2. HP: 16/24 MP: 2/2
  1020 | D:2      | Reached XP level 3. HP: 16/29 MP: 3/3
  1195 | D:2      | Noticed Jessica
  1203 | D:2      | Killed Jessica
  1204 | D:2      | Reached XP level 4. HP: 25/37 MP: 4/4
  1271 | D:2      | Found a faded altar of an unknown god.
  1277 | D:2      | Reached skill level 1 in Dodging
  1809 | D:3      | Found Yxked's Antique Weapon Boutique.
  1966 | D:3      | Reached skill level 4 in Fighting
  1992 | D:3      | Reached XP level 5. HP: 39/42 MP: 5/5
  2034 | D:3      | Found Sousm's Jewellery Emporium.
  2036 | D:3      | Noticed a water moccasin
  2145 | D:3      | Found Pobep's Book Shop.
  2212 | D:3      | HP: 2/42 [water moccasin (8)]
  2213 | D:3      | Killed a water moccasin
  2213 | D:3      | Succumbed to a water moccasin's poison

Illustrated notes

Levels and vault maps discovered:
D:1:      lightli_arrival_boilingwater, layout_basic
D:2:      wad_pebble_path, layout_rooms, shapermc_ecumenical_altar_notcrosses,
          kennysheep_cross_room, grunt_decor_cap, serial_park_tiny_pond,
          uniq_jessica
D:3:      layout_rooms, nicolae_overflow_two_pavilions, serial_shops,
          nicolae_shop_behind_doors, shop, nicolae_shop_statue_plus

Skill      XL: |  1  2  3  4 |
---------------+-------------+-----
Armour         | 3 |  3.1
Maces & Flails | 2 3 |  3.5
Dodging        | 1 |  1.0
Fighting       | 4 |  4.0
Stealth        | |  0.1
Shields        | |  2.6

Action                     |  1- 3 |  4- 6 || total
---------------------------+-------+-------++-------
  Melee: Flail             |    65 |   106 ||   171
         Punch             |       |     2 ||     2
    Use: Potion            |     1 |     3 ||     4
 Armour: Scale mail        |    53 |   134 ||   187
  Dodge: Dodged            |    33 |    77 ||   110

Table legend: (Time is in decaauts)
 A = Elapsed time spent in this place.
 B = Non-inter-level travel time spent in this place.
 C = Inter-level travel time spent in this place.
 D = Time resting spent in this place.
 E = Time spent auto-exploring this place.
 F = Levels seen in this place.
 G = Mean time per level.
                   A        B        C        D        E       F      G
               +--------+--------+--------+--------+--------+-----+--------+
         Total |   2268 |   2153 |    115 |     93 |   1547 |   3 |  756.0 |
       Dungeon |   2268 |   2153 |    115 |     93 |   1547 |   3 |  756.0 |
               +--------+--------+--------+--------+--------+-----+--------+

Top non-repeatable levels by time:
     D:1: 960 daAuts
     D:2: 946 daAuts
     D:3: 361 daAuts
